 Dungeon Crawl Stone Soup version 0.20-a0-33-g996f6e0 (webtiles) character file.

82 Faca the Magician (level 4, -4/39 HPs)
             Began as a Troll Wizard on Nov 9, 2016.
             Was an Initiate of Okawaru.
             Slain by an orc
             ... wielding a +0 flail
              (9 damage)
             ... on level 3 of the Dungeon.
             The game lasted 00:21:45 (1530 turns).

Faca the Magician (Troll Wizard)                    Turns: 1530, Time: 00:21:46

Health: -4/39      AC:  3    Str: 15    XL:     4   Next: 21%
Magic:  1/6        EV: 10    Int: 15    God:    Okawaru [......]
Gold:   76         SH:  0    Dex:  8    Spells: 3 memorised, 2 levels left

rFire  . . .     SeeInvis .       - Unarmed
rCold  . . .     Gourm    +     (armour restricted)
rNeg   + . .     Faith    .     (no shield)
rPois  .         Spirit   .     b - +0 hat
rElec  .         Reflect  .     (no cloak)
rCorr  .         Harm     .     (gloves unavailable)
MR     .....                    (boots unavailable)
Stlth  +.........               n - amulet of rage
                                (no ring)
                                j - ring of positive energy

@: lethally poisoned (-4 -> -5), very slightly contaminated
A: unfitting armour, claws 3, fast metabolism 3, gourmand, regeneration 1,
shaggy fur 1, tough skin 2
a: Renounce Religion, Evoke Berserk Rage


You were on level 3 of the Dungeon.
You worshipped Okawaru.
Okawaru was noncommittal.
You were not hungry.

You visited 1 branch of the dungeon, and saw 3 of its levels.

You collected 76 gold pieces.

Inventory:

Armour
 a - a +0 robe
 b - a +0 hat (worn)
 r - a +0 robe
Jewellery
 j - a ring of positive energy (left claw)
 n - an amulet of rage (around neck)
Scrolls
 e - 4 scrolls of identify {unknown}
 g - 2 scrolls of teleportation {unknown}
 h - a scroll of enchant armour {unknown}
 o - a scroll of immolation {unknown}
 q - 2 scrolls of remove curse {unknown}
Potions
 f - 2 potions of agility {unknown}
 i - a potion of curing {unknown}
 k - 3 potions of lignification {unknown}
 m - a potion of heal wounds {unknown}
 p - 2 potions of brilliance {unknown}
Books
 c - a book of Minor Magic

   Spells                             Type                      Level
   a - Magic Dart                     Conjuration                  1
   b - Blink                          Translocation                2
   c - Call Imp                       Summoning                    2
   d - Repel Missiles                 Charms/Air                   2
   e - Slow                           Hexes                        2
   f - Conjure Flame                  Conjuration/Fire             3
   g - Mephitic Cloud                 Conjuration/Poison/Air       3
Comestibles
 d - 2 bread rations
 l - a slice of pizza


   Skills:
 + Level 0.1 Fighting
 + Level 1.7 Dodging
 + Level 1.3 Stealth
 + Level 1.2 Unarmed Combat
 + Level 2.5 Spellcasting
 + Level 1.3 Conjurations
 + Level 0.6 Summonings
   Level 0.6 Translocations


You had 2 spell levels left.
You knew the following spells:

 Your Spells              Type           Power        Failure   Level  Hunger
a - Magic Dart            Conj           #...         14%         1    #......
b - Conjure Flame         Conj/Fire      #.......     56%         3    ###....
c - Call Imp              Summ           #.......     28%         2    ###....


Dungeon Overview and Level Annotations

Branches:
Dungeon (3/15)

Altars:
Cheibriados
Okawaru
The Shining One


Innate Abilities, Weirdness & Mutations

You are too large for most types of armour.
You have claws for hands.
Your metabolism is lightning-fast.
You like to eat raw meat.
Your natural rate of healing is unusually fast.
You are covered in fur. (AC +1)
You have very tough skin. (AC +2)


Message History

Press: ? - help, Shift-Dir - straight line, f - orc
Aim: an orc, wielding a flail You miscast Magic Dart.
You are very lightly contaminated with residual magic.
Nothing appears to happen.
The orc priest barely misses you.
The orc wizard looks braver for a moment.
You scratch the orc but do no damage.
The orc priest hits you but does no damage.
The orc closely misses you. The orc completely misses you.
You scratch the orc but do no damage.
You feel sick.
The orc priest calls down the wrath of Beogh upon you.
You barely resist. The orc hits you with a hand axe.
The orc hits you with a flail!
* * * LOW HITPOINT WARNING * * *
The orc wizard casts a spell.
The orc wizard seems to speed up.
The orc priest looks encouraged for a moment.
The orc hits you with a flail!
You die...

..#.# #.
...###..
....#.# #
#.....##..
#.##....#.
######o........
#.....o...#..#
#....o.o.###
#....@o....#
#........#.#
#........#.#
###.###### #
#.# #.# #.#
####.# #....#


You could see 2 orc priests, an orc wizard and 2 orcs.

Vanquished Creatures
  3 adders
  2 worms (D:2)
  A dart slug (D:2)
  9 bats
  2 giant cockroaches (D:1)
  5 goblins
  7 hobgoblins
  2 quokkas (D:2)
  5 frilled lizards
  4 kobolds
  7 rats
47 creatures vanquished.

Notes
Turn   | Place    | Note
-------+----------+-------------------------------------------
     0 | D:1      | Faca the Troll Wizard began the quest for the Orb.
     0 | D:1      | Reached XP level 1. HP: 16/16 MP: 2/2
    73 | D:1      | Reached XP level 2. HP: 24/24 MP: 2/4
   687 | D:2      | Reached XP level 3. HP: 31/31 MP: 0/5
   761 | D:2      | Learned a level 3 spell: Conjure Flame
   764 | D:2      | Learned a level 2 spell: Call Imp
   773 | D:2      | Found an iron altar of Okawaru.
   791 | D:2      | Reached skill level 1 in Conjurations
   971 | D:2      | Found a glowing golden altar of the Shining One.
  1185 | D:2      | Found a snail-covered altar of Cheibriados.
  1197 | D:2      | Reached skill level 1 in Unarmed Combat
  1231 | D:2      | Reached XP level 4. HP: 39/39 MP: 0/6
  1284 | D:2      | Found a faded altar of an unknown god.
  1284 | D:2      | Found a faded altar of an unknown god.
  1290 | D:2      | Found an iron altar of Okawaru.
  1292 | D:2      | Found a faded altar of an unknown god.
  1294 | D:2      | Found a faded altar of an unknown god.
  1393 | D:2      | Became a worshipper of Warmaster Okawaru
  1530 | D:3      | Slain by an orc

Vault maps used:
D:1:      scummos_arrival_simple_fountains
D:2:      chequers_temple_overflow_minitemple, old_standard_altar,
          kennysheep_slug_shrine, okawaru_metal_pillars_1_2
D:3:      ecumenical_altar_2, st_stairs_8, nemelex_spade_bored_becter,
          uniq_sigmund

Skill      XL: |  1  2  3 |
---------------+----------+-----
Conjurations   | 1 |  1.3
Unarmed Combat | 1 |  1.2
Fighting       | |  0.1
Dodging        | |  1.7
Stealth        | |  1.3
Spellcasting   | |  2.5
Summonings     | |  0.6
Translocations | |  0.6

Action                   |  1- 3 |  4- 6 || total
-------------------------+-------+-------++-------
Melee: Unarmed           |    85 |    11 ||    96
 Cast: Magic Dart        |    59 |    12 ||    71
  Eat: Chunk             |     7 |     1 ||     8
       Meat ration       |     1 |       ||     1
Armor: Robe              |    59 |       ||    59
       Skin              |       |     2 ||     2
Dodge: Dodged            |    70 |     7 ||    77
